 Dungeon Crawl Stone Soup version 0.24.1-14-gf8d2b509d9 (webtiles) character file.

Game seed: 16627833993225596124, levelgen mode: deterministic

319 lepoulpe303 the Shield-Bearer (level 6, -2/49 HPs)
             Began as a Formicid Fighter on May 22, 2020.
             Was an Initiate of Ru.
             Killed by divine providence
             ... invoked by an orc priest
              (12 damage)
             ... on level 3 of the Dungeon.
             The game lasted 00:08:20 (2670 turns).

lepoulpe303 the Shield-Bearer (Formicid Fighter)    Turns: 2670, Time: 00:08:22

Health: -2/49      AC:  9    Str: 22    XL:     6   Next: 75%
Magic:  6/6        EV:  8    Int:  7    God:    Ru [......]
Gold:   163        SH: 10    Dex: 11    Spells: 5/5 levels left

rFire    . . .     SeeInvis +   a - +3 quarterstaff (chaos)
rCold    . . .     Gourm    .   c - +0 shield
rNeg     . . .     Faith    .   b - +0 scale mail
rPois    .         Spirit   .   (helmet unavailable)
rElec    .         Reflect  .   v - +1 cloak {+Inv}
rCorr    .         Harm     .   (no gloves)
MR       .....                  (no boots)
Stlth    +.........             p - amulet of the acrobat
HPRegen  0.16/turn              t - ring of stealth {Stlth+}
MPRegen  0.10/turn              (no ring)

@: very slightly contaminated
A: permanent stasis, dig shafts and tunnels, four strong arms, antennae 3
a: Dig, Shaft Self, Renounce Religion, Evoke Invisibility


You were on level 3 of the Dungeon.
You worshipped Ru.
Ru was noncommittal.
You were hungry.

You visited 1 branch of the dungeon, and saw 3 of its levels.

You collected 163 gold pieces.

Inventory:

Hand Weapons
 a - a +3 quarterstaff of chaos (weapon)
 u - a +0 quarterstaff
Armour
 b - a +0 scale mail (worn)
 c - a +0 shield (worn)
 f - a scarf of repulsion
 v - a +1 cloak of invisibility (worn)
Jewellery
 p - an amulet of the acrobat (around neck)
 s - an uncursed ring of flight
 t - a ring of stealth (left hand) {Stlth+}
Scrolls
 i - a scroll of identify
 j - a scroll of immolation {!r}
 k - a scroll of enchant weapon {unknown}
 r - a scroll of teleportation {unknown}
 w - a scroll of magic mapping {unknown}
Potions
 d - a potion of might
 g - a potion of magic
 q - 2 potions of curing
 x - a potion of flight {unknown}
Comestibles
 e - 5 rations
 m - 13 chunks of flesh


   Skills:
 + Level 4.4 Fighting
 * Level 4.3 Staves
 + Level 4.4 Armour
 + Level 4.9 Shields
 + Level 1.0 Evocations


You had 5 spell levels left.
You didn't know any spells.
Your spell library was empty.

Dungeon Overview and Level Annotations

Branches:
Dungeon (3/15)

Altars:
Ashenzari
Cheibriados
Dithmenos
Elyvilon
Hepliaklqana
Kikubaaqudgha
Ru
Vehumet


Innate Abilities, Weirdness & Mutations

You cannot be hasted, slowed, berserked, paralysed or teleported.
You can dig through walls and to a lower floor.
Your four strong arms can wield two-handed weapons with a shield.
You have a pair of large antennae on your head. (SInv)


Message History

You take 10 damage, and have 3/49 hp.
MASSIVE DAMAGE!!
As you read the scroll labeled HINODEGIES, it crumbles to dust.
It is a scroll of amnesia.
You feel forgetful for a moment.
As you read the scroll labeled ICELEZ UWNUNO, it crumbles to dust.
You feel blessed for a moment.
It was a scroll of remove curse.
The orc priest's inner flame fades away.
As you read the scroll labeled NEMUXAYWAO, it crumbles to dust.
Your stasis prevents you from teleporting.
It was a scroll of blinking.
The frilled lizard's inner flame fades away.
It was a potion of curing.
You feel better.
q - 2 potions of curing;
r - a scroll labeled UQUICO NAXZOMA The frilled lizard closely misses you.
You regained 6 hp, and now have 9/49 hp.
It was a potion of magic.
Magic courses through your body.
The orc priest mumbles some strange prayers to Beogh against you.
Beogh smites you!
You die...

.....................# #.# #.
......(..รท......))...#######.###.
.....................##........#.
............................>..#.
.....................##........#.
..........#########.###<.......##
########### #.# #........# #
#########.# #........# #
#>....@##.# #........# ########
#.....l##.###........# .......#
#.....o##..##...^....# .......#
#......###.####.###### .......#
#.....o# #..# #.# .......#
#..%...####.###.# .......#
#...........%.#.# .......#
#......!.{....#.# .......#
#.......)o%...#.# {{


You could see 2 orc priests and a frilled lizard.

Levels and vault maps discovered:
D:1:      dpeg_arrival_long_road, layout_loops_ring,
          chequers_serial_rivers_micro_d
D:2:      wad_pebble_path, layout_rooms, gammafunk_temple_overflow_wave,
          nicolae_ru_great_annihilating_truth, overflow_temple_1_default,
          lemuel_crystal_altar, ashenzari_altar_1, kennysheep_generic_room_4,
          uniq_terence
D:3:      layout_basic, lemuel_round_altar, nicolae_overflow_crystal_walls,
          lemuel_coloured_pillars_altar, chequers_garden,
          uniq_crazy_yiuf_cottage, uniq_robin

Notes
Turn   | Place    | Note
-------+----------+-------------------------------------------
     0 | D:1      | lepoulpe303 the Formicid Fighter began the quest for the
                  | Orb.
     0 | D:1      | Reached XP level 1. HP: 18/18 MP: 1/1
   155 | D:1      | Reached XP level 2. HP: 24/24 MP: 2/2
   171 | D:1      | Identified a +0 dagger
   335 | D:1      | Identified a +0 club
   660 | D:1      | Identified a +0 whip
   813 | D:1      | Identified a scarf of repulsion (You found it on level 1 of
                  | the Dungeon)
   868 | D:2      | Reached XP level 3. HP: 29/29 MP: 3/3
   909 | D:2      | Reached skill level 4 in Shields
   933 | D:2      | Identified a +0 flail
   933 | D:2      | Identified a +0 ring mail
   933 | D:2      | Noticed Terence
   941 | D:2      | Killed Terence
   941 | D:2      | Reached skill level 3 in Staves
   941 | D:2      | Reached XP level 4. HP: 27/37 MP: 4/4
  1029 | D:2      | Identified a +0 club
  1058 | D:2      | Found a snail-covered altar of Cheibriados.
  1608 | D:2      | Found a hazy altar of Hepliaklqana.
  1608 | D:2      | Identified a +0 club
  1629 | D:2      | Found a sacrificial altar of Ru.
  1630 | D:2      | Identified a +0 dagger
  1630 | D:2      | Identified a cursed +0 robe
  1639 | D:2      | Reached XP level 5. HP: 42/42 MP: 5/5
  1640 | D:2      | Reached skill level 4 in Fighting
  1640 | D:2      | Reached skill level 4 in Armour
  1719 | D:2      | Identified a +0 dagger
  1812 | D:2      | Identified a +0 club
  1835 | D:2      | Found a shattered altar of Ashenzari.
  1847 | D:2      | Found a shadowy altar of Dithmenos.
  1847 | D:2      | Found an ancient bone altar of Kikubaaqudgha.
  2002 | D:2      | Became a worshipper of Ru the Awakened
  2055 | D:3      | Identified a +0 club
  2073 | D:3      | Found a radiant altar of Vehumet.
  2113 | D:3      | Identified a +0 dagger
  2144 | D:3      | Identified a +0 dagger
  2145 | D:3      | Identified a +0 club
  2145 | D:3      | Identified a +0 club
  2263 | D:3      | Identified 4 scrolls of identify
  2263 | D:3      | Identified an amulet of the acrobat (You found it on level
                  | 2 of the Dungeon)
  2265 | D:3      | Identified a ring of stealth (You found it on level 2 of
                  | the Dungeon)
  2266 | D:3      | Identified a ring of flight (You found it on level 2 of the
                  | Dungeon)
  2302 | D:3      | Found a runed translucent door.
  2303 | D:3      | Identified a +3 quarterstaff of chaos
  2303 | D:3      | Identified a +1 cloak of invisibility
  2303 | D:3      | Noticed Crazy Yiuf
  2308 | D:3      | Killed Crazy Yiuf
  2308 | D:3      | Reached skill level 4 in Staves
  2308 | D:3      | Reached XP level 6. HP: 35/48 MP: 6/6
  2360 | D:3      | Identified a +0 short sword
  2390 | D:3      | Identified a +0 club
  2391 | D:3      | Found a white marble altar of Elyvilon.
  2391 | D:3      | Identified a +0 spear
  2391 | D:3      | Identified a cursed +0 animal skin
  2391 | D:3      | Identified a +0 helmet
  2391 | D:3      | Noticed Robin
  2404 | D:3      | Identified a +0 club
  2411 | D:3      | Killed Robin
  2471 | D:3      | Identified a +0 club
  2585 | D:3      | Identified a +0 whip
  2624 | D:3      | Identified a +0 broad axe
  2629 | D:3      | Identified a +0 dagger
  2629 | D:3      | Identified a +0 scale mail
  2632 | D:3      | Identified a +0 dagger
  2632 | D:3      | Identified a +0 robe
  2636 | D:3      | Identified a +0 hand axe
  2638 | D:3      | Identified 2 scrolls of immolation
  2649 | D:3      | HP: 10/49 [orc/exploding inner flame[the player character]
                  | (19)]
  2650 | D:3      | Reached skill level 1 in Evocations
  2665 | D:3      | Identified a scroll of random uselessness
  2665 | D:3      | HP: 3/49 [orc priest/divine providence (10)]
  2666 | D:3      | Identified a scroll of amnesia
  2667 | D:3      | Identified a scroll of remove curse
  2668 | D:3      | Identified a scroll of blinking
  2669 | D:3      | Identified 3 potions of curing
  2670 | D:3      | Identified 2 potions of magic
  2670 | D:3      | Killed from afar by an orc priest

Table legend:
 A = Turns spent in this place as a percentage of turns spent in the entire game.
 B = Non-inter-level travel turns spent in this place as a percentage of non-inter-level travel turns spent in the entire game.
 C = Inter-level travel turns spent in this place as a percentage of turns spent in this place.
 D = Turns resting spent in this place as a percentage of non-inter-level travel turns spent in this place.
 E = Turns spent auto-exploring this place as a percentage of non-inter-level travel turns spent in this place.
 F = Non-inter-level travel turns spent in this place divided by the number of levels of this place that you've seen.
                   A       B       C       D       E      F
               +-------+-------+-------+-------+-------+----------------------
         Total | 100.0 | 100.0 |   5.8 |  26.2 |  50.0 | 838.3
       Dungeon | 100.0 | 100.0 |   5.8 |  26.2 |  50.0 | 838.3
               +-------+-------+-------+-------+-------+----------------------

Table legend:
 A = Kills in this place as a percentage of kills in entire the game.
 B = Kills by you in this place as a percentage of kills by you in the entire game.
 C = Kills by friends in this place as a percentage of kills by friends in the entire game.
 D = Other kills in this place as a percentage of other kills in the entire game.
 E = Experience gained in this place as a percentage of experience gained in the entire game.
 F = Experience gained in this place divided by the number of levels of this place that you have seen.
                   A       B       C       D       E      F
               +-------+-------+-------+-------+-------+----------------------
         Total | 100.0 | 100.0 |   N/A |   N/A | 100.0 | 152.3
       Dungeon | 100.0 | 100.0 |   N/A |   N/A | 100.0 | 152.3
               +-------+-------+-------+-------+-------+----------------------

Skill      XL: |  1  2  3  4  5  6 |
---------------+-------------------+-----
Shields        | 4 |  4.9
Staves         | 3 4 |  4.3
Fighting       | 4 |  4.4
Armour         | 4 |  4.4
Evocations     | 1 |  1.0

Action                   |  1- 3 |  4- 6 || total
-------------------------+-------+-------++-------
Melee: Quarterstaff      |    61 |   168 ||   229
Throw: Javelin           |     8 |     3 ||    11
 Abil: Evoke Invisibilit |       |     1 ||     1
  Use: Scroll            |       |     8 ||     8
       Potion            |       |     2 ||     2
 Stab: Paralysed         |       |     1 ||     1
  Eat: Chunk             |       |     2 ||     2
       Ration            |       |     1 ||     1
Armor: Scale mail        |    28 |    74 ||   102
Dodge: Dodged            |    23 |    79 ||   102
Block: Shield            |    34 |    73 ||   107

Vanquished Creatures
  A centaur skeleton (D:3)
  2 orc priests (D:3)
  Crazy Yiuf (D:3)
  Terence (D:2)
  An orc wizard (D:2)
  Robin (D:3)
  5 adders
  An ooze (D:3)
  3 worms (D:2)
  A dart slug (D:3)
  4 leopard geckos
  3 orcs (D:3)
  3 giant cockroaches
  15 goblins
  10 hobgoblins
  4 jackals (D:3)
  4 kobolds
  A quokka (D:2)
  A ball python (D:2)
  11 bats
  5 frilled lizards
  6 rats
84 creatures vanquished.

Vanquished Creatures (others)
  An orc wizard (D:3)
  An orc (D:3)
2 creatures vanquished.

Grand Total: 86 creatures vanquished
